[Event "I.A Hrvatska šahovska liga"]
[Site "Veli Lošinj, Croatia"]
[Date "2024.10.05"]
[Round "1.1"]
[White "Predojevic, Borki"]
[Black "Kryvoruchko, Yuriy"]
[Result "1/2-1/2"]
[TimeControl "90 30 40 30"]
[WhiteFideId "930849"]
[BlackFideId "14109182"]
[WhiteElo "2567"]
[BlackElo "2643"]

1. e4 e5 2. Nf3 Nc6 3. d4 exd4 4. Nxd4 Nf6 5. Nxc6 bxc6 6. e5 Qe7 7. Qe2 Nd5 8. c4 Ba6 9. b3 g6 10.
Ba3 Nb4 11. Bb2 Bg7 12. a3 Nd5 13. Nd2 O-O 14. O-O-O Rfe8 15. Qf3 Nb6 16. Ne4 Bxe5 17. Bxe5 Qxe5 18. Nf6+ Kh8 19. Nxe8 Qa1+ 20.
Kc2 Qa2+ 21. Kc1 Qa1+ 22. Kc2 Qa2+ 23. Kc1 Qa1+ 1/2-1/2

[Event "I.A Hrvatska šahovska liga"]
[Site "Veli Lošinj, Croatia"]
[Date "2024.10.05"]
[Round "1.2"]
[White "Movsesian, Sergei"]
[Black "Cheparinov, Ivan"]
[Result "1/2-1/2"]
[TimeControl "90 30 40 30"]
[WhiteFideId "310204"]
[BlackFideId "2905540"]
[WhiteElo "2616"]
[BlackElo "2628"]

1. e4 c6 2. Nf3 d5 3. Nc3 dxe4 4. Nxe4 Nf6 5. Qe2 Nxe4 6. Qxe4 Nd7 7. Bc4 Nf6 8. Ne5 e6 9. Qf4 b5 10.
Bb3 c5 11. Qf3 Qc7 12. Qxa8 Qxe5+ 13. Kf1 Qc7 14. d3 Bd6 15. Qf3 Bb7 16. Qe2 h5 17. a4 h4 18. axb5 h3 19. f3 Bxh2 20.
g3 Nh5 21. Qxh2 Nxg3+ 22. Kg1 c4 23. Be3 cxb3 24. Bf2 bxc2 25. Qxg3 c1=Q+ 26. Rxc1 Qxc1+ 27. Kh2 Qc2 28. Qb8+ Bc8 29.
Qxa7 Rh5 30. Rg1 Qxb2 31. Rg4 Rxb5 32. Rh4 g6 33. Rxh3 Bb7 34. Kg2 Rg5+ 35. Rg3 Rf5 36. Rh3 Rg5+ 37.
Rg3 Rf5 38. Rh3 Kd7 39. Qa4+ Bc6 40.
Qa7+ Bb7 41. Qa4+ Qb5 42. Qd4+ Qd5 43. Qa4+ Qb5 44. Qd4+ Rd5 45. Qf4 Rg5+ 46. Bg3 Qb2+ 47. Kf1 Qb1+ 48.
Kg2 Qc2+ 49. Kg1 Qb1+ 50. Kg2 Qb2+ 51. Kf1 Qa1+ 52. Kg2 Qa2+ 53. Kf1 1/2-1/2

[Event "I.A Hrvatska šahovska liga"]
[Site "Veli Lošinj, Croatia"]
[Date "2024.10.05"]
[Round "1.3"]
[White "Brkic, Ante"]
[Black "Livaic, Leon"]
[Result "1/2-1/2"]
[TimeControl "90 30 40 30"]
[WhiteFideId "14506688"]
[BlackFideId "14531534"]
[WhiteElo "2642"]
[BlackElo "2550"]

1. e4 d6 2. d4 Nf6 3. Nc3 e5 4. Nf3 Nbd7 5. Bc4 Be7 6. a4 O-O 7. O-O exd4 8. Nxd4 Ne5 9. Ba2 Nc6 10.
Nxc6 bxc6 11. Re1 Rb8 12. Bc4 Nd7 13. b3 Bf6 14. Bb2 Nc5 15. Qf3 Be6 16. Bf1 Be5 17. Nd1 Qg5 18. Bxe5 Qxe5 19.
Qc3 Qxc3 20. Nxc3 a5 21. f3 Rfe8 22. Ne2 Bd7 23. Rad1 g6 24. Nd4 Ne6 25. Kf2 Re7 26. Nxe6 Bxe6 27.
e5 Rd7 28. exd6 cxd6 1/2-1/2

[Event "I.A Hrvatska šahovska liga"]
[Site "Veli Lošinj, Croatia"]
[Date "2024.10.05"]
[Round "1.4"]
[White "Jovanovic, Zoran"]
[Black "Martinovic, Sasa"]
[Result "1/2-1/2"]
[TimeControl "90 30 40 30"]
[WhiteFideId "14505320"]
[BlackFideId "14509792"]
[WhiteElo "2525"]
[BlackElo "2563"]

1. e4 e6 2. d4 d5 3. Nc3 Nf6 4. Bg5 dxe4 5. Nxe4 Nbd7 6. Nf3 Be7 7. Nxf6+ Bxf6 8. Bxf6 Nxf6 9. Bc4 O-O 10.
Qe2 b6 11. O-O Bb7 12. Rfd1 Qd6 13. Ba6 Bxa6 14. Qxa6 Rfd8 15. c3 c5 16. a4 Qc7 17. h3 Rab8 18. Qc4 Nd5 19. Rd2 Rdc8 20.
dxc5 bxc5 21. a5 h6 22. g3 Rb7 23. Qe2 c4 1/2-1/2

[Event "I.A Hrvatska šahovska liga"]
[Site "Veli Lošinj, Croatia"]
[Date "2024.10.05"]
[Round "1.5"]
[White "Kurajica, Bojan"]
[Black "Kozul, Zdenko"]
[Result "1/2-1/2"]
[TimeControl "90 30 40 30"]
[WhiteFideId "14400057"]
[BlackFideId "14502879"]
[WhiteElo "2409"]
[BlackElo "2515"]

1. d4 Nf6 2. Nf3 g6 3. g3 Bg7 4. Bg2 d5 5. O-O O-O 6. c3 c6 7. Bf4 Qb6 8. Qb3 Bg4 9. Re1 Bxf3 10.
Bxf3 Nbd7 11. Nd2 Rfe8 12. e4 dxe4 13. Nxe4 Nxe4 14. Rxe4 e5 15. dxe5 Nxe5 16. Bxe5 Qxb3 17. axb3 Rxe5 1/2-1/2

[Event "I.A Hrvatska šahovska liga"]
[Site "Veli Lošinj, Croatia"]
[Date "2024.10.05"]
[Round "1.6"]
[White "Zaja, Ivan"]
[Black "Cvitan, Ognjen"]
[Result "1/2-1/2"]
[TimeControl "90 30 40 30"]
[WhiteFideId "14500450"]
[BlackFideId "14500086"]
[WhiteElo "2421"]
[BlackElo "2410"]

1. d4 Nf6 2. c4 e6 3. Nc3 Bb4 4. e3 O-O 5. Bd3 d5 6. a3 dxc4 7. Bxc4 Bd6 8. Nf3 Nc6 9. e4 e5 10.
d5 Ne7 11. Bg5 Ng6 12. h3 a6 1/2-1/2

[Event "I.A Hrvatska šahovska liga"]
[Site "Veli Lošinj, Croatia"]
[Date "2024.10.05"]
[Round "1.7"]
[White "Blohberger, Felix"]
[Black "Horvath, Dominik"]
[Result "1/2-1/2"]
[TimeControl "90 30 40 30"]
[WhiteFideId "1632051"]
[BlackFideId "1642561"]
[WhiteElo "2520"]
[BlackElo "2559"]

1. e4 e5 2. Nf3 Nc6 3. Bb5 a6 4. Ba4 Nf6 5. O-O Be7 6. Re1 b5 7. Bb3 O-O 8. a4 b4 9. d4 d6 10.
dxe5 Nxe5 11. Nxe5 dxe5 12. Qe2 Bc5 13. Be3 Bd4 14. Bxd4 Qxd4 15. Rd1 Bg4 16. Rxd4 Bxe2 17. Rxb4 a5 18.
Rb7 Rfc8 19. Ba2 Nxe4 20. Rb3 Bc4 21. Re3 Bxa2 22. Rxe4 Bxb1 23. Rxb1 f6 24. Rd1 Rab8 25. b3 Rd8 26.
Rxd8+ Rxd8 27. Kf1 c5 28. Rc4 Rd5 29.
Ke2 Kf7 30. c3 h5 31. b4 cxb4 32. cxb4 axb4 1/2-1/2

[Event "I.A Hrvatska šahovska liga"]
[Site "Veli Lošinj, Croatia"]
[Date "2024.10.05"]
[Round "1.8"]
[White "Skoberne, Jure"]
[Black "Cabarkapa, Novak"]
[Result "1/2-1/2"]
[TimeControl "90 30 40 30"]
[WhiteFideId "14604299"]
[BlackFideId "943746"]
[WhiteElo "2525"]
[BlackElo "2464"]

1. c4 e5 2. g3 Be7 3. Nc3 d6 4. Bg2 f5 5. d4 Nf6 6. Nf3 e4 7. Ng5 c6 8. d5 Nxd5 9. cxd5 Bxg5 10.
dxc6 Nxc6 11. Bxg5 Qxg5 12. O-O Be6 13. Nd5 Qd8 14. Qd2 Ne7 15. Nf4 Bf7 16. g4 1/2-1/2

[Event "I.A Hrvatska šahovska liga"]
[Site "Veli Lošinj, Croatia"]
[Date "2024.10.05"]
[Round "1.9"]
[White "Doric, Darko"]
[Black "Paradzik, Berislav"]
[Result "1-0"]
[TimeControl "90 30 40 30"]
[WhiteFideId "14507200"]
[BlackFideId "14547147"]
[WhiteElo "2443"]
[BlackElo "2247"]

1. Nf3 Nf6 2. g3 g6 3. b3 b6 4. c4 c5 5. Bg2 Bb7 6. Bb2 Bg7 7. O-O O-O 8. d4 cxd4 9. Qxd4 Nh5 10.
Qd2 Bxb2 11. Qxb2 d6 12. Nc3 Nd7 13. Rfd1 Nc5 14. Rac1 Rc8 15. Bh3 f5 16. b4 Ne6 17. Nd5 Nf6 18.
Bg2 Ne4 19. Nd4 Ng7 20. Qb3 Kh8 21. e3 a6 22. a4 e6 23. Nc3 Qe7 24. Nxe4 fxe4 25. b5 axb5 26. cxb5 Bd5 27. Qb2 Rc5 28.
Nc6 Qb7 29. Nb4 Rfc8 30. Na6 Rc4 31. Bf1 Rxa4 32. Qf6 Qa8 33. Rxc8+ Qxc8 34. Rc1 Qg8 35. Rc7 e5 36. Rd7 Ra1 37.
Kg2 Rxf1 38. Kxf1 Bc4+ 39. Kg2 Bxb5 40. Rd8 Bxa6 41. Rxg8+ Kxg8 42. Qxd6 Be2 43. Qd5+ Kf8 44. Qxe4 b5 45.
Qxe5 Bc4 46. e4 Kf7 47. f4 Ne8 48. g4 h6 49. h4 Nf6 50. Qc7+ Kf8 51. e5 1-0

[Event "I.A Hrvatska šahovska liga"]
[Site "Veli Lošinj, Croatia"]
[Date "2024.10.05"]
[Round "1.10"]
[White "Biti, Ozren"]
[Black "Tica, Sven"]
[Result "0-1"]
[TimeControl "90 30 40 30"]
[WhiteFideId "14505096"]
[BlackFideId "14526948"]
[WhiteElo "2284"]
[BlackElo "2419"]

1. e4 c6 2. Nf3 d5 3. d3 g6 4. Nbd2 Bg7 5. g3 Nh6 6. Bg2 O-O 7. O-O e5 8. c3 Be6 9. Re1 Nd7 10.
d4 f6 11. h3 Nf7 12. b3 Re8 13. Qc2 Rc8 14. Ba3 dxe4 15. Nxe4 f5 16. Nd6 Nxd6 17. Bxd6 e4 18. Ne5 c5 19.
Qb2 cxd4 20. cxd4 Qb6 21. Qa3 Qxd4 22. Rad1 Qb6 23. Nxd7 Bxd7 24. Bf4 Bd4 25. Re2 Bb5 26. Red2 Bd3 27.
Bf1 Rc3 28. Qa4 Re6 29. Qd7 Bc5 30. Bxd3 Rxd3 31. Rxd3 exd3 32. Rxd3 Bxf2+ 33. Kg2 Bc5 34. Qd8+ Qxd8 35. Rxd8+ Kf7 36.
Kf3 Bb6 37. Rh8 Kg7 38. Rb8 Re7 39. g4 fxg4+ 40. hxg4 Rf7 0-1

[Event "I.A Hrvatska šahovska liga"]
[Site "Veli Lošinj, Croatia"]
[Date "2024.10.05"]
[Round "1.11"]
[White "Novosel, Lovro"]
[Black "Bosnjak, Petar"]
[Result "1-0"]
[TimeControl "90 30 40 30"]
[WhiteFideId "14547120"]
[BlackFideId "14532581"]
[WhiteElo "2336"]
[BlackElo "2337"]

1. d4 Nf6 2. Nf3 d5 3. c4 e6 4. g3 Be7 5. Bg2 O-O 6. O-O dxc4 7. Ne5 c5 8. dxc5 Qc7 9. Nxc4 Qxc5 10.
b3 Rd8 11. Nbd2 Qc7 12. Bb2 Nc6 13. Rc1 Bd7 14. a3 Be8 15. b4 Rac8 16. Qe1 b5 17. Na5 Qb6 18. Ndb3 Ng4 19. e3 Nge5 20.
Nxc6 Nxc6 21. Qe2 Bf8 22. Rc2 Ne7 23. Rfc1 Rxc2 24. Rxc2 Rc8 25. Bd4 Qa6 26. Nc5 Qd6 27. Ne4 Qb8 28.
Rxc8 Nxc8 29. Nf6+ 1-0

[Event "I.A Hrvatska šahovska liga"]
[Site "Veli Lošinj, Croatia"]
[Date "2024.10.05"]
[Round "1.12"]
[White "Tomulic, Teo"]
[Black "Muskardin, Mario"]
[Result "1-0"]
[TimeControl "90 30 40 30"]
[WhiteFideId "14527006"]
[BlackFideId "14518180"]
[WhiteElo "2346"]
[BlackElo "2385"]

1. e4 d6 2. f4 e5 3. Nf3 exf4 4. d4 g5 5. Bc4 g4 6. O-O gxf3 7. Qxf3 Bh6 8. Bxf4 Qf6 9. Qe3 Be6 10.
d5 Bc8 11. e5 Bxf4 12. Rxf4 Qe7 13. e6 fxe6 14. dxe6 Nf6 15. Nc3 Kd8 16. Qd4 Rf8 17. Nd5 Nxd5 18. Rxf8+ Qxf8 19. Rf1 Qe8 20.
Bxd5 Bxe6 21. Bxb7 Nc6 22. Bxc6 Qxc6 23. Rf8+ 1-0

[Event "I.A Hrvatska šahovska liga"]
[Site "Veli Lošinj, Croatia"]
[Date "2024.10.05"]
[Round "1.13"]
[White "Dudin, Gleb"]
[Black "Chigaev, Maksim"]
[Result "1/2-1/2"]
[TimeControl "90 30 40 30"]
[WhiteFideId "34184934"]
[BlackFideId "4108116"]
[WhiteElo "2545"]
[BlackElo "2624"]

1. e4 e5 2. Nf3 Nc6 3. Bb5 a6 4. Ba4 Nf6 5. O-O Be7 6. d3 d6 7. a3 b5 8. Bb3 Na5 9. Ba2 c5 10.
Nc3 Be6 11. Bg5 Rc8 12. Nh4 c4 13. Nf5 Bxf5 14. exf5 d5 15. Qf3 d4 16. Bxf6 Bxf6 17. Ne4 O-O 18. Rfe1 Kh8 19. Re2 Qe7 20.
g4 Nb7 21. Rae1 Nc5 22. Nd2 Na4 23. dxc4 Nxb2 24. cxb5 axb5 25. Ne4 Na4 26. Qd3 Nc3 27. Nxc3 Rxc3 28. Qxb5 Qxa3 29. Bd5 h6 30.
Qb7 Kg8 31. Kg2 Qd6 32. Be4 Rb8 33. Qd5 Qxd5 1/2-1/2

[Event "I.A Hrvatska šahovska liga"]
[Site "Veli Lošinj, Croatia"]
[Date "2024.10.05"]
[Round "1.14"]
[White "Fercec, Nenad"]
[Black "Kuru, Atilla"]
[Result "1/2-1/2"]
[TimeControl "90 30 40 30"]
[WhiteFideId "14500299"]
[BlackFideId "51607948"]
[WhiteElo "2395"]
[BlackElo "2397"]

1. e4 e6 2. d4 d5 3. Nd2 c5 4. exd5 Qxd5 5. Ngf3 cxd4 6. Bc4 Qd6 7. Ne4 Qb4+ 8. Nfd2 Nc6 9. O-O Nf6 10.
c3 Qb6 11. Nxf6+ gxf6 12. Ne4 Be7 13. cxd4 Qxd4 14. Qxd4 Nxd4 15. Be3 Nf5 16. Bb5+ Kf8 17. Bd2 a6 18. Bd3 h5 19. Rac1 Kg7 20.
Ba5 Bd7 21. Nc5 Bb5 22. Rfd1 Bxd3 23. Rxd3 Rhc8 24. Rdc3 Rxc5 25. Rxc5 Bxc5 26. Rxc5 b6 27. Bxb6 Rb8 28. Bc7 Rxb2 29. g4 hxg4 30. Rc4 Rxa2 31.
Rxg4+ Kh7 32. Bd8 Nh6 33. Rg3 f5 34. h3 Ng8 35. Rd3 a5 36. h4 a4 37. h5 Nh6 38. f3 Kg7 39. Ba5 Ng8 40.
Bc3+ Kh6 41. Rd8 Ra3 42. Be5 Kh7 43. Rd7 Kh6 44. Rxf7 Rxf3 45. Rf8 Kh7 46. Rf7+ Kh6 47. Rf8 Ne7 48.
Kg2 Rd3 49. Bf6 Kxh5 50. Rh8+ Kg6 51. Bxe7 f4 52. Ra8 e5 53. Rxa4 Kf5 54. Bc5 Rd2+ 55. Bf2 e4 56. Kf1 Rc2 57.
Ba7 Rb2 58. Ke1 f3 59. Ra3 Kf4 60. Bd4 Rc2 61. Ra8 e3 62. Bxe3+ Kxe3 63. Re8+ Kf4 64. Kf1 Rc1+ 65. Kf2 Rc2+ 66.
Kf1 Rg2 67. Rf8+ Kg3 68. Rg8+ Kh2 69. Rh8+ Kg3 70. Rg8+ Kh3 71. Rxg2 fxg2+ 72. Kg1 Kg3 1/2-1/2

[Event "I.A Hrvatska šahovska liga"]
[Site "Veli Lošinj, Croatia"]
[Date "2024.10.05"]
[Round "1.15"]
[White "Trbojevic, Mladen"]
[Black "Krsnik Cohar, Ivan Vihor"]
[Result "1-0"]
[TimeControl "90 30 40 30"]
[WhiteFideId "14505363"]
[BlackFideId "14520044"]
[WhiteElo "2325"]
[BlackElo "2331"]

1. e4 c5 2. Nf3 Nc6 3. c3 e5 4. Bc4 Be7 5. d3 Nf6 6. O-O O-O 7. Re1 d6 8. Bg5 Na5 9. Bxf6 Bxf6 10.
Bd5 Nc6 11. Nbd2 Ne7 12. Bc4 Bg4 13. h3 Bd7 14. Nf1 b5 15. Bb3 Bc6 16. Ne3 Qd7 17. d4 c4 18. Bc2 Qb7 19. Ng4 Ng6 20.
Nxf6+ gxf6 21. Nh2 Qe7 22. Ng4 Bd7 23. Nh6+ Kh8 24. Nf5 Qd8 25. Nxd6 Nf4 26. Re3 Qb6 27. dxe5 Rad8 28. Qd4 Qc6 29. Kh2 Ng6 30. exf6 Bxh3 31. Nxf7+ Rxf7 32. Qxd8+ Rf8 33. Qd4 Qc7+ 34. e5 Rd8 35.
Qe4 Be6 36. Rd1 Re8 37. Qd4 1-0

[Event "I.A Hrvatska šahovska liga"]
[Site "Veli Lošinj, Croatia"]
[Date "2024.10.05"]
[Round "1.16"]
[White "Franic, Milan"]
[Black "Medak, Bojan"]
[Result "0-1"]
[TimeControl "90 30 40 30"]
[WhiteFideId "14500272"]
[BlackFideId "14502968"]
[WhiteElo "2364"]
[BlackElo "2329"]

1. d4 d5 2. Nf3 e6 3. e3 a6 4. Bd3 c5 5. O-O Nc6 6. b3 cxd4 7. exd4 Bd6 8. Bb2 Nge7 9. c4 O-O 10.
Nbd2 Ng6 11. Re1 b6 12. Rc1 dxc4 13. bxc4 Bb7 14. Bf1 Re8 15. Qb3 Qc7 16. g3 Na5 17. Qc3 Bf8 18. Nb3 Nc6 19.
a3 Rac8 20. d5 Nb8 21. Qd4 exd5 22. cxd5 Qd6 23. Rxc8 Rxc8 24. Bg2 Bxd5 25. Rd1 Rd8 26. Qe3 Qc7 27. Nbd4 Nc6 28. Nf5 Bxf3 29.
Bxf3 Rxd1+ 30. Bxd1 Nce5 31. Bb3 b5 32. h4 Nc4 33. Bxc4 bxc4 34. h5 Ne7 35. Nh6+ gxh6 36. Qd4 f6 37.
Qxf6 Qc6 38. Qh8+ Kf7 39. Qxh7+ Ke8 40. Qh8 Qd5 41. Qf6 a5 42. Bc3 Qd1+ 43. Kg2 Qxh5 44. Qb6 Qd5+ 45. Kg1 Nc6 46.
Qe3+ Kd7 47. a4 Qd3 48. Qf4 Qxc3 49. Qxf8 Qe1+ 50. Kg2 Qe6 51. Qc5 Qe4+ 52. Kh2 Qd4 53. Qf5+ Kc7 54. f4 c3 55.
Qh7+ Qd7 56. Qxh6 Qd2+ 57. Kh3 c2 58. Qg7+ Qd7+ 0-1

[Event "I.A Hrvatska šahovska liga"]
[Site "Veli Lošinj, Croatia"]
[Date "2024.10.05"]
[Round "1.17"]
[White "Krstic, Uros"]
[Black "Zufic, Miroslav"]
[Result "1-0"]
[TimeControl "90 30 40 30"]
[WhiteFideId "14503476"]
[BlackFideId "14506157"]
[WhiteElo "2300"]
[BlackElo "2339"]

1. e4 c5 2. Nc3 Nc6 3. Bb5 Nd4 4. Nf3 e6 5. O-O a6 6. Bd3 Nc6 7. b3 d5 8. exd5 exd5 9. Re1+ Be7 10.
Na4 Kf8 11. c4 Nf6 12. cxd5 Nb4 13. Bf1 b5 14. Nc3 Nfxd5 15. Nxd5 Qxd5 16. a4 Be6 17. Ra3 Nd3 18. Bxd3 Qxd3 19.
b4 Qd8 20. axb5 axb5 21. bxc5 Bxc5 22. Rxa8 Qxa8 23. Qc2 Be7 24. Bb2 Qd5 25. Nd4 Bd7 26. Qc7 f6 27. Qb8+ Be8 28. Ba3 Qxd4 29.
Rxe7 1-0

[Event "I.A Hrvatska šahovska liga"]
[Site "Veli Lošinj, Croatia"]
[Date "2024.10.05"]
[Round "1.18"]
[White "Rubil, Marko"]
[Black "Colev, Ivor"]
[Result "1-0"]
[TimeControl "90 30 40 30"]
[WhiteFideId "14501546"]
[BlackFideId "14545705"]
[WhiteElo "2233"]
[BlackElo "2160"]

1. e4 c5 2. Nf3 d6 3. d4 cxd4 4. Nxd4 Nf6 5. Nc3 a6 6. Bg5 Nbd7 7. Bc4 Qb6 8. Bb3 e6 9. Qd2 Be7 10.
O-O-O Nc5 11. Rhe1 Bd7 12. Kb1 Qc7 13. f4 h6 14. Bxf6 Bxf6 15. Nf3 O-O-O 16. e5 dxe5 17. Nxe5 Bc6 18.
Qe2 Kb8 19. g3 Rxd1+ 20. Nxd1 Rc8 21. Nf2 Bb5 22. Bc4 Bxe5 23. fxe5 Bxc4 24. Qxc4 Rd8 25. b4 Nd7 26. Qxc7+ Kxc7 27.
Nd3 Nb6 28. Rf1 Rd7 29. Nc5 Re7 30. Rf4 Nd7 31. Nd3 f6 32. exf6 gxf6 33. Rh4 Rh7 34. c4 e5 35. Kc2 Kd6 36.
g4 e4 37. Nf4 Ke5 38. Ne2 Nf8 39. Rh5+ Kd6 40. c5+ Ke7 41. Ng3 Ng6 42. Nxe4 Ne5 43. h3 Ke6 44. a3 Ng6 45. Rf5 Nh4 46.
Rh5 Ng2 47. Nf2 Kf7 48. Kc3 Kg6 49. Rf5 Re7 50. Nd3 Re3 51. Kd4 Rg3 52. a4 Nh4 53. Nf4+ Kf7 54. Rxf6+ Kxf6 55. Nh5+ Kg5 56.
Nxg3 Nf3+ 57. Kd5 Ng1 58. Ne4 Kf4 59. b5 1-0

[Event "I.A Hrvatska šahovska liga"]
[Site "Veli Lošinj, Croatia"]
[Date "2024.10.05"]
[Round "1.19"]
[White "Moroni, Luca Jr"]
[Black "Postny, Evgeny"]
[Result "1-0"]
[TimeControl "90 30 40 30"]
[WhiteFideId "865834"]
[BlackFideId "2804344"]
[WhiteElo "2558"]
[BlackElo "2577"]

1. d4 d5 2. c4 e6 3. Nc3 Be7 4. cxd5 exd5 5. Bf4 c6 6. e3 Bf5 7. Nge2 Nd7 8. Ng3 Bg6 9. Rc1 Ngf6 10.
h4 h5 11. Be2 Nb6 12. Bg5 Ne4 13. Ncxe4 Bxe4 14. Nxe4 dxe4 15. Qc2 f5 16. Qb3 Qd5 17. Bc4 Qa5+ 18. Ke2 Nxc4 19. Qxc4 Bxg5 20.
hxg5 O-O-O 21. b4 Qd5 22. b5 Qxc4+ 23. Rxc4 Kd7 24. Rb1 Rb8 25. Kd2 Rhc8 26. Ra4 c5 27. Rxa7 cxd4 28. exd4 Rc4 29.
Ke3 g6 30. a4 Kd6 31. Rb3 Kd5 32. a5 Rc2 33. g3 Kc4 34. Rb1 Rc3+ 35. Ke2 Rc2+ 36. Kf1 Kxd4 37. a6 bxa6 38. Rd1+ Kc3 39.
bxa6 e3 40. Rc7+ Kb2 41. Rb7+ Kc3 42. Rc7+ Kb2 43. Rxc2+ Kxc2 44. Ra1 exf2 45. Kxf2 Kc3 46. a7 Ra8 47. Ke3 Kc4 48. Kf4 Kd5 49.
Ra6 Kd4 50. Rxg6 Rxa7 51. Rd6+ Kc5 52. Rd3 Kc4 53. Rd1 1-0

[Event "I.A Hrvatska šahovska liga"]
[Site "Veli Lošinj, Croatia"]
[Date "2024.10.05"]
[Round "1.20"]
[White "Bosiocic, Marin"]
[Black "Stevic, Hrvoje"]
[Result "0-1"]
[TimeControl "90 30 40 30"]
[WhiteFideId "14507927"]
[BlackFideId "14502569"]
[WhiteElo "2555"]
[BlackElo "2531"]

1. e4 e5 2. Nf3 Nc6 3. Bb5 a6 4. Ba4 Nf6 5. d3 d6 6. c3 g6 7. O-O Bg7 8. Re1 O-O 9. Nbd2 h6 10.
h3 Re8 11. d4 b5 12. Bc2 Bb7 13. a3 Nb8 14. b4 Nbd7 15. Bb2 d5 16. Nxe5 Nxe5 17. dxe5 Nxe4 18. f4 g5 19. Nxe4 dxe4 20.
c4 gxf4 21. Bxe4 Bxe4 22. Rxe4 Qxd1+ 23. Rxd1 bxc4 24. Rd7 Red8 25. Rxc7 Rd1+ 26. Kf2 Rd2+ 27. Re2 Rxb2 0-1

[Event "I.A Hrvatska šahovska liga"]
[Site "Veli Lošinj, Croatia"]
[Date "2024.10.05"]
[Round "1.21"]
[White "Palac, Mladen"]
[Black "Galic, Ivan"]
[Result "1/2-1/2"]
[TimeControl "90 30 40 30"]
[WhiteFideId "14500116"]
[BlackFideId "14402238"]
[WhiteElo "2464"]
[BlackElo "2418"]

1. e4 c5 2. Nf3 e6 3. d4 cxd4 4. Nxd4 Nf6 5. Bd3 Nc6 6. Nxc6 dxc6 7. O-O e5 8. Nd2 Qc7 9. Qe2 Be7 10.
a4 O-O 11. Nb3 Re8 12. Be3 Ng4 13. Bd2 Nf6 14. Be3 1/2-1/2

[Event "I.A Hrvatska šahovska liga"]
[Site "Veli Lošinj, Croatia"]
[Date "2024.10.05"]
[Round "1.22"]
[White "Antunac, Goran"]
[Black "Zelcic, Robert"]
[Result "0-1"]
[TimeControl "90 30 40 30"]
[WhiteFideId "14500264"]
[BlackFideId "14500310"]
[WhiteElo "2323"]
[BlackElo "2444"]

1. d4 Nf6 2. Nf3 d5 3. g3 c5 4. Bg2 cxd4 5. Nxd4 e5 6. Nb3 Be6 7. O-O Be7 8. Nc3 O-O 9. Bg5 Nbd7 10.
e4 dxe4 11. Nxe4 Nxe4 12. Bxe7 Qxe7 13. Bxe4 Nb6 14. Re1 Nc4 15. Rb1 f5 16. Bg2 Rad8 17. Qe2 a5 18. Rbd1 Rxd1 19. Rxd1 Nxb2 20.
Rb1 Nc4 21. Nd2 Nxd2 22. Qxd2 e4 23.
Qxa5 Rc8 24. Qa4 Qc7 25. Rd1 h6 26.
Rc1 Qc3 27. Qb5 Qd2 28. Qb2 Kh7 29. h4 e3 30. fxe3 Qxe3+ 31. Kh2 Rc3 0-1

[Event "I.A Hrvatska šahovska liga"]
[Site "Veli Lošinj, Croatia"]
[Date "2024.10.05"]
[Round "1.23"]
[White "Petkov, Vladimir"]
[Black "Fucak, Emilio Milko"]
[Result "1-0"]
[TimeControl "90 30 40 30"]
[WhiteFideId "2901188"]
[BlackFideId "14501023"]
[WhiteElo "2414"]
[BlackElo "2212"]

1. d4 e6 2. Nf3 Nf6 3. g3 b6 4. Bg2 Bb7 5. O-O d5 6. c4 Be7 7. cxd5 exd5 8. Nc3 O-O 9. Bf4 c6 10.
Qb3 b5 11. Rfc1 b4 12. a3 bxc3 13. Qxb7 Qb6 14. Qxb6 axb6 15. Rxc3 c5 16. Rb3 Nbd7 17. Ne5 Rac8 18. Bh3 Rfd8 19.
Bg5 1-0

[Event "I.A Hrvatska šahovska liga"]
[Site "Veli Lošinj, Croatia"]
[Date "2024.10.05"]
[Round "1.24"]
[White "Medancic, Rikard"]
[Black "Rogulj, Branko"]
[Result "0-1"]
[TimeControl "90 30 40 30"]
[WhiteFideId "14500531"]
[BlackFideId "14500213"]
[WhiteElo "2121"]
[BlackElo "2294"]

1. Nf3 Nf6 2. g3 c5 3. c4 d5 4. Bg2 d4 5. b4 cxb4 6. a3 b3 7. Qxb3 Nc6 8. O-O e5 9.
d3 Nd7 10. Re1 Nc5 11. Qc2 Be7 12.
Nbd2 Bf5 13. Nb3 Ne6 14. Bb2 O-O 15. e3 Bf6 16. exd4 exd4 17.
Nfd2 Rc8 18. Ne4 Be7 19. Qd1 Qd7 20. f4 Bg6 21. Qf3 f5 22. Ned2 Nc7 23. Qf2 Rfd8 24. Nf3 Ne6 25. Ne5 Nxe5 26.
Rxe5 Bf6 27. Rd5 Qa4 28. Na5 b6 29. Re1 Nc5 30. Rxd8+ Rxd8 31. Nc6 Nxd3 32. Qe2 Re8 33. Bd5+ Kf8 34.
Ne5 Nxe1 35. Qxe1 Bxe5 36. fxe5 d3 37. Bc3 a5 38. e6 Qxa3 39. Bxg7+ Kxg7 40. Qe5+ Kg8 41. e7+ Bf7 42. Bxf7+ Kxf7 43. Qxf5+
Kxe7 44. Qe5+ Kd7 45. Qb5+ Kc7 46. Qe5+ Kd7 47. Qb5+ Kc7 0-1

[Event "I.A Hrvatska šahovska liga"]
[Site "Veli Lošinj, Croatia"]
[Date "2024.10.05"]
[Round "1.25"]
[White "Aczel, Gergely"]
[Black "Saric, Ivan"]
[Result "0-1"]
[TimeControl "90 30 40 30"]
[WhiteFideId "727709"]
[BlackFideId "14508150"]
[WhiteElo "2460"]
[BlackElo "2673"]

1. d4 Nf6 2. c4 g6 3. g3 Bg7 4. Bg2 O-O 5. Nc3 Nc6 6. e3 d6 7. Nge2 e5 8. d5 Na5 9. b3 a6 10.
Bd2 Bd7 11. Rc1 b5 12. O-O bxc4 13. Ne4 Nb7 14. Nxf6+ Qxf6 15. Rxc4 Rfc8 16. Qc2 Bb5 17. Rxc7 Rxc7 18. Qxc7 Nc5 19.
b4 Bxe2 20. Re1 Bd3 21. bxc5 dxc5 22. Qxc5 e4 23. Rc1 Rb8 24. Bc3 Qb6 25. Qxb6 Rxb6 26. Ba5 Rb5 27. d6 Bf6 28. Bc7 Rd5 29.
f3 Bg5 30. f4 Bh6 31. Bh3 Bb5 32. Bf1 Bf8 33. Bxb5 axb5 34. Rc6 f5 35. Rb6 Kf7 36. Kf2 Ke6 37. Ke2 Bg7 38. Rb8 Bc3 39.
Re8+ Kd7 40. Re7+ Kc6 41. Bb8 Rd2+ 42. Kf1 Ba5 43. Bc7 Bb4 44. Rxh7 Rxa2 45. Rg7 Bc3 46. Rg8 b4 47. Rb8 Rxh2 48.
Ba5 Rb2 49. Rb6+ Kd7 50. Kg1 Bd2 51. Kf1 Ke6 52. Ke2 Bc1+ 53. Kf1 Bxe3 54. Rxb4 Rxb4 55. Bxb4 Ba7 56. Kg2 Bb8 57. g4 Bxd6 58.
gxf5+ gxf5 59. Bd2 Bc5 60. Ba5 Kd5 61. Kf1 Bd6 62. Bd2 Kd4 63. Ke2 Kc4 64. Be3 Kc3 65. Bd2+ Kc2 66. Be3 Bc7 67.
Bd2 Bb8 68. Be3 Bd6 69. Bd2 Ba3 70. Ba5 Bc1 71. Bc7 Kc3 72. Kd1 Be3 73. Ke2 Bd4 74. Ba5+ Kc4 75. Bd2 Kd5 76. Bc1 Ke6 77.
Bd2 Kf6 78. Kf1 Kg6 79. Kg2 Kh5 80. Kg3 Bf6 81. Be3 Bc3 82. Kh3 Be1 83. Bb6 Bd2 84. Kg3 Kg6 85. Bc5 Kf6 86. Bb6 Ke6 87.
Bc7 Bb4 88. Bb6 Kd5 89. Kh4 Bc5 90. Ba5 e3 91. Kg5 Ke4 0-1

[Event "I.A Hrvatska šahovska liga"]
[Site "Veli Lošinj, Croatia"]
[Date "2024.10.05"]
[Round "1.26"]
[White "Kollars, Dmitrij"]
[Black "Medvegy, Zoltan"]
[Result "1-0"]
[TimeControl "90 30 40 30"]
[WhiteFideId "12909572"]
[BlackFideId "708402"]
[WhiteElo "2659"]
[BlackElo "2507"]

1. e4 e5 2. Nf3 Nf6 3. d4 Nxe4 4. Bd3 d5 5. Nxe5 Nd7 6. O-O Nxe5 7. dxe5 Nc5 8. Be3 c6 9. f4 Nxd3 10.
Qxd3 g6 11. Nd2 Bf5 12. Qb3 b6 13. Nf3 c5 14. Rad1 Be6 15. Qb5+ Qd7 16. Qe2 Be7 17. c3 O-O 18. Bf2 Rae8 19.
b3 f6 20. Bh4 Bg4 21. Bg3 fxe5 22. fxe5 Qe6 23. h3 Bxf3 24. Rxf3 Rxf3 25. Qxf3 Rd8 26. Kh1 Rd7 27. Rf1 Rd8 28.
Qd3 a5 29. Qa6 d4 30. cxd4 cxd4 31. Qd3 Qd5 32. Rf4 Bc5 33. Bh4 Qxe5 34. Re4 Qd5 35. Bxd8 Qxd8 36. a3 Qf8 37. b4 axb4 38.
axb4 Bxb4 39. Qc4+ 1-0

[Event "I.A Hrvatska šahovska liga"]
[Site "Veli Lošinj, Croatia"]
[Date "2024.10.05"]
[Round "1.27"]
[White "Bilobrk, Franjo"]
[Black "Christiansen, Johan-Sebastian"]
[Result "0-1"]
[TimeControl "90 30 40 30"]
[WhiteFideId "14500574"]
[BlackFideId "1512668"]
[WhiteElo "2329"]
[BlackElo "2661"]

1. d4 Nf6 2. Nf3 d5 3. c4 e6 4. e3 b6 5. Nc3 a6 6. a3 Bb7 7. b4 c5 8. Rb1 cxb4 9. axb4 dxc4 10.
Bxc4 Qc7 11. Qb3 Nc6 12. Na2 Bd6 13. Bd3 e5 14. d5 Nxd5 15. Qxd5 Nxb4 16. Qc4 Nxd3+ 17. Qxd3 e4 18. Qd4 exf3 19.
g3 Be5 20. Qa4+ b5 21. Qb3 Be4 22. Rb2 Bxb2 23. Bxb2 O-O 24. O-O Qd7 25. Qc3 f6 26. Kh1 Rac8 27. Qb3+ Bd5 28. Qd1 Rfd8 29.
Qa1 Rc2 30. g4 Bc4 31. Rg1 Rxf2 32. Bxf6 Rxa2 0-1